 Dungeon Crawl Stone Soup version 0.18.1-48-g4cf74bf (webtiles) character file.

74 Drashi the Skirmisher (level 4, -1/75 HPs)
             Began as an Ogre Berserker on Aug 9, 2016.
             Was a Believer of Trog.
             Slain by Drashi's ghost (15 damage)
             ... on level 3 of the Dungeon.
             The game lasted 00:02:11 (1408 turns).

Drashi the Skirmisher (Ogre Berserker)              Turns: 1408, Time: 00:02:11

Health: -1/75      AC:  3    Str: 28    XL:     4   Next: 28%
Magic:  4/4        EV: 10    Int:  6    God:    Trog [**....]
Gold:   173        SH:  0    Dex:  9    Spells: 0 memorised, 3 levels left

rFire  . . .     SeeInvis .     a - +0 mace
rCold  . . .     Gourm    .     b - +0 animal skin
rNeg   . . .     Faith    .     (no shield)
rPois  .         Spirit   .     (helmet restricted)
rElec  .         Dismiss  .     (no cloak)
rCorr  .         Reflect  .     (gloves unavailable)
SustAt .         Harm     .     (boots unavailable)
MR     .....                    (no amulet)
Stlth  ..........               (no ring)
                                (no ring)

@: berserking, very quick, not resistant to hostile enchantments, extremely
unstealthy
A: unfitting armour, tough skin 1
a: Berserk, Trog's Hand, Burn Spellbooks, Renounce Religion


You were on level 3 of the Dungeon.
You worshipped Trog.
Trog was pleased with you.
You were not hungry.

You visited 1 branch of the dungeon, and saw 3 of its levels.

You collected 173 gold pieces.

Inventory:

Hand Weapons
 a - a +0 mace (weapon)
Armour
 b - a +0 animal skin (worn)
Jewellery
 h - an uncursed amulet of magic regeneration {unknown}
 m - an uncursed ring of sustain attributes {unknown}
Scrolls
 d - 6 scrolls of identify {unknown}
 e - 2 scrolls of blinking {unknown}
 g - a scroll of recharging {unknown}
 j - a scroll of noise {unknown}
 k - a scroll of teleportation {unknown}
Potions
 l - 3 potions of curing {unknown}
 n - a potion of agility {unknown}
 o - a potion of cancellation {unknown}
Comestibles
 c - 4 bread rations
 f - a beef jerky
 i - a chunk of flesh


   Skills:
 * Level 5.3 Fighting
 * Level 5.0 Maces & Flails
 + Level 3.1 Dodging
 + Level 0.1 Stealth


You had 3 spell levels left.
You didn't know any spells.

Dungeon Overview and Level Annotations

Branches:
Dungeon (3/15)

Altars:

Annotations:
D:3 Drashi's ghost, amateur TrMo


Innate Abilities, Weirdness & Mutations

You are too large for most types of armour.
You have tough skin (AC +1).


Message History

Drashi's ghost shouts, "They lied to you.
The Dungeon just goes down and down forever."
Drashi's ghost closely misses you. Drashi's ghost hits you.
A red film seems to cover your vision as you go berserk!
You feel yourself moving faster!
You feel mighty!
You feel somewhat more hungry. Drashi's ghost hits you.
You closely miss Drashi's ghost.
Drashi's ghost is heavily damaged.
You closely miss Drashi's ghost.
Drashi's ghost is heavily damaged.
Drashi's ghost hits you!
* * * LOW HITPOINT WARNING * * *
You hit Drashi's ghost but do no damage.
Drashi's ghost is heavily damaged.
Drashi's ghost hits you!
* * * LOW HITPOINT WARNING * * *
You are too berserk!
You hit Drashi's ghost.
Drashi's ghost is heavily damaged.
Drashi's ghost hits you!
You die...

##...#.#
#######.##.##. .##
........##.#
.###...
######.†##.##.....#
#............#
#####.###...###
#.#.......##.
#.......$....
###..@W...#
###...### #...#
##.## .# ##


You could see Drashi's ghost.

Vanquished Creatures
  2 adders
  2 oozes (D:1)
  2 worms
  4 dart slugs
  5 bats
  A giant cockroach (D:2)
  4 goblins
  3 hobgoblins
  2 jackals (D:2)
  3 kobolds
  A ball python (D:2)
  A giant newt (D:1)
  6 rats
36 creatures vanquished.

Notes
Turn   | Place    | Note
--------------------------------------------------------------
     0 | D:1      | Drashi the Ogre Berserker began the quest for the Orb.
     0 | D:1      | Reached XP level 1. HP: 24/24 MP: 1/1
   117 | D:1      | Reached XP level 2. HP: 29/33 MP: 2/2
   689 | D:1      | Reached XP level 3. HP: 39/41 MP: 3/3
   960 | D:2      | Reached skill level 5 in Fighting
  1077 | D:2      | Reached ** piety under Trog
  1285 | D:3      | Reached skill level 5 in Maces & Flails
  1285 | D:3      | Reached XP level 4. HP: 44/50 MP: 4/4
  1389 | D:3      | Noticed Drashi's ghost (amateur TrMo)
  1408 | D:3      | Slain by Drashi's ghost

Skill      XL: |  1  2  3 |
---------------+----------+-----
Fighting       | 5 |  5.3
Dodging        | 3 |  3.1
Maces & Flails | 5 |  5.0
Stealth        | |  0.1

Action                   |  1- 3 |  4- 6 || total
-------------------------+-------+-------++-------
Melee: Mace              |    87 |    32 ||   119
Invok: Berserk           |       |     1 ||     1
 Stab: Sleeping          |     1 |       ||     1
  Eat: Chunk             |     1 |     1 ||     2
Armor: Animal skin       |    29 |     4 ||    33
Dodge: Dodged            |    51 |    16 ||    67
